 Dungeon Crawl Stone Soup version 0.24-a0-361-g57161393b2 (webtiles) character file.

Game seed: 1117167618239001645

357476 MachJacob the Blocker (level 21, -8/192 HPs)
             Began as a Deep Dwarf Earth Elementalist on May 24, 2019.
             Was a Priest of Elyvilon.
             Killed from afar by an ogre mage (44 damage)
             ... with a crystal spear
             ... led by an ironheart preserver
             ... on level 4 of the Vaults on May 26, 2019.
             The game lasted 06:06:46 (87818 turns).

MachJacob the Blocker (DDEE)                       Turns: 87818, Time: 06:06:47

Health: -8/192     AC: 21    Str: 15    XL:     21   Next: 41%
Magic:  9/9 (0)    EV: 13    Int: 22    God:    Elyvilon [***...]
Gold:   2287       SH: 22    Dex:  9    Spells: 23/41 levels left

rFire    + . .     SeeInvis .   a - +9 long sword "Tuziat" {flame, rPois rC++ Int-2 Stlth+}
rCold    + + +     Gourm    .   t - +3 shield of Too Many Cooks {rElec MR+ Dex-5}
rNeg     + . .     Faith    .   N - +6 scale mail {MR+}
rPois    +         Spirit   .   k - +0 helmet
rElec    +         Reflect  +   L - +2 cloak of Nigooso {Int+2}
rCorr    .         Harm     .   B - +0 pair of gloves
MR       +++++                  (no boots)
Stlth    +.........             S - +6 amulet of reflection
HPRegen  0.00/turn              G - ring of magical power
MPRegen  0.11/turn              v - ring "Galo" {+Fly rF+ rC+}

@: non-regenerating
A: damage resistance, heal wounds, negative energy resistance 1, sense
surroundings 3, no regeneration
}: 2/15 runes: decaying, serpentine
a: Heal Wounds, Lesser Healing, Heal Other, Purification, Divine Protection,
Renounce Religion, Evoke Flight


You were on level 4 of the Vaults.
You worshipped Elyvilon.
Elyvilon was most pleased with you.
You were not hungry.

You visited 8 branches of the dungeon, and saw 39 of its levels.
You also visited: Gauntlet and Volcano.

You collected 4199 gold pieces.
You spent 1912 gold pieces at shops.

Inventory:

Hand Weapons
 a - the +9 long sword "Tuziat" (weapon) {flame, rPois rC++ Int-2 Stlth+}
   (You took it off a deep elf elementalist on level 3 of the Elven Halls)

   It has been specially enchanted to burn those struck by it, causing extra
   injury to most foes and up to half again as much damage against particularly
   susceptible opponents.
   Big, fiery blades are also staple armaments of hydra-hunters.
   It affects your intelligence (-2).
   It greatly protects you from cold.
   It protects you from poison.
   It makes you more stealthy.
Missiles
 K - 331 stones
 O - 7 curare-tipped darts (quivered) {!f}
Armour
 k - a +0 helmet (worn)
 t - the +3 shield of Too Many Cooks (worn) {rElec MR+ Dex-5}
   (You bought it in a shop on level 1 of the Snake Pit)

   It affects your dexterity (-5).
   It insulates you from electricity.
   It affects your resistance to hostile enchantments.
 B - a +0 pair of gloves (worn)
 L - the +2 cloak of Nigooso (worn) {Int+2}
   (You found it on level 5 of the Lair of Beasts)

   It affects your intelligence (+2).
 N - a +6 scale mail of magic resistance (worn)
Jewellery
 v - the ring "Galo" (right hand) {+Fly rF+ rC+}
   (You took it off a deep elf elementalist on level 3 of the Elven Halls)

   [ring of flight]

   It protects you from fire.
   It protects you from cold.
   It lets you fly.
 G - a ring of magical power (left hand)
 H - an uncursed amulet of faith
 S - a +6 amulet of reflection (around neck)
 W - an uncursed ring of resist corrosion
 Z - an uncursed ring of see invisible
Wands
 c - a wand of flame (44)
 u - a wand of digging (15)
 y - a wand of paralysis (11)
 z - a wand of disintegration (21)
 J - a wand of polymorph (20)
 X - a wand of enslavement (5)
 Y - a wand of acid (5)
Scrolls
 b - 5 scrolls of holy word
 d - 6 scrolls of magic mapping
 f - 8 scrolls of teleportation
 i - 3 scrolls of fog
 n - 8 scrolls of amnesia
 q - 2 scrolls of identify
 C - 2 scrolls of acquirement {unknown}
 D - 4 scrolls of immolation
 E - a scroll of enchant weapon
 M - 18 scrolls of remove curse
 R - a scroll of enchant armour
 V - 4 scrolls of fear
Potions
 g - 3 potions of agility
 h - 2 potions of curing
 j - 6 potions of lignification
 l - 2 potions of cancellation
 m - 3 potions of might
 o - 3 potions of haste
 p - 3 potions of magic
 s - 11 potions of brilliance
 w - a potion of heal wounds
 x - 8 potions of mutation
 A - 6 potions of flight
Miscellaneous
 r - a lamp of fire (inert)
 I - a lightning rod (inert)
 P - a phantom mirror
 Q - a phial of floods
Comestibles
 e - 14 rations
 F - 3 chunks of flesh


   Skills:
 + Level 12.4 Fighting
 * Level 12.9 Long Blades
 - Level 10.0 Armour
 - Level 10.0 Dodging
 - Level 2.4 Stealth
 + Level 14.9 Shields
 - Level 10.9 Spellcasting
 - Level 14.0 Conjurations
 - Level 5.0 Hexes
 - Level 3.0 Transmutations
 - Level 14.0 Ice Magic
 - Level 14.0 Earth Magic
 * Level 14.1 Invocations
 - Level 8.0 Evocations


You had 23 spell levels left.
You knew the following spells:

 Your Spells              Type           Power        Failure   Level  Hunger
a - Sandblast             Erth           ######       1%          1    None
b - Passwall              Tmut/Erth      #####...     1%          2    None
c - Stone Arrow           Conj/Erth      ######       1%          3    None
d - Lee's Rapid Deconstr  Erth           ######....   1%          5    ####...
e - Confusing Touch       Hex            ####..       2%          1    None
f - Bolt of Cold          Conj/Ice       ######....   8%          6    ######.

Your spell library contained the following spells:

 Spells                   Type           Power        Failure   Level  Hunger
 Flame Tongue             Conj/Fire      #####        1%          1    None
 Freeze                   Ice            ####         1%          1    None
 Shock                    Conj/Air       ####         1%          1    None
 Sting                    Conj/Pois      ####         1%          1    None
 Throw Frost              Conj/Ice       ######       1%          2    None
 Ozocubu's Armour         Chrm/Ice       #####...     2%          3    None
 Static Discharge         Conj/Air       #####...     2%          3    None
 Ice Form                 Ice/Tmut       #####...     4%          4    #......
 Petrify                  Tmut/Erth      #####...     4%          4    #......
 Confuse                  Hex            ####....     6%          3    None
 Ozocubu's Refrigeration  Ice            ######....   8%          6    ######.
 Metabolic Englaciation   Hex/Ice        ######....   9%          5    ####...
 Summon Ice Beast         Ice/Summ       #####...     10%         4    #......
 Animate Skeleton         Necr           N/A          17%         1    None
 Apportation              Tloc           ##....       17%         1    None
 Summon Small Mammal      Summ           ##..         17%         1    None
 Summon Guardian Golem    Hex/Summ       ###.....     19%         3    None
 Cause Fear               Hex            ####......   22%         4    #......
 Call Imp                 Summ           ##......     26%         2    None
 Corpse Rot               Necr           N/A          26%         2    None
 Sublimation of Blood     Necr           ##........   26%         2    None
 Swiftness                Chrm/Air       ##......     26%         2    None
 Bolt of Draining         Conj/Necr      #####.....   26%         5    ####...
 Iskenderun's Battlesphe  Conj/Chrm      #####...     26%         5    ####...
 Lightning Bolt           Conj/Air       #####.....   26%         5    ####...
 Call Canine Familiar     Summ           ##......     45%         3    None
 Gell's Gravitas          Tloc           ##........   45%         3    None
 Freezing Cloud           Conj/Ice/Air   ######....   50%         6    ######.
 Yara's Violent Unravell  Hex/Tmut       ####......   65%         5    ####...
 Bolt of Fire             Conj/Fire      #####.....   82%         6    ######.
 Simulacrum               Ice/Necr       #####.....   82%         6    ######.
 Airstrike                Air            ##........   86%         4    #......
 Summon Lightning Spire   Summ/Air       ##......     86%         4    #......
 Silence                  Hex/Air        ###.......   86%         5    ####...
 Agony                    Necr           ##......     99%         5    ####...
 Dispel Undead            Necr           ##......     99%         5    ####...
 Excruciating Wounds      Chrm/Necr      ##........   99%         5    ####...
 Dragon Form              Tmut           ####......   100%        7    #######
 Malign Gateway           Summ/Tloc      ##........   100%        7    #######
 Dragon's Call            Summ           ##........   100%        9    #######
 Shatter                  Erth           ######....   100%        9    #######
 Regeneration             Chrm/Necr      Unusable     N/A         3    N/A

Dungeon Overview and Level Annotations

Branches:
Dungeon (15/15)            Temple (1/1) D:6            Lair (6/6) D:10
  Swamp (4/4) Lair:4        Snake (4/4) Lair:2        Slime (0/5) Lair:5
    Orc (2/2) D:10            Elf (3/3) Orc:2        Vaults (4/5) D:13
  Crypt (0/3) Vaults:2     Depths (0/5) D:15

Altars:
Ashenzari
Cheibriados
Dithmenos
Elyvilon
Fedhas
Gozag
Hepliaklqana
Kikubaaqudgha
Makhleb
Nemelex Xobeh
Okawaru
Qazlal
Ru
Sif Muna
Trog
Uskayaw
Vehumet
Wu Jian
Xom
Yredelemnul
Zin
The Shining One
Beogh

Shops:
Orc:1 !!:[   Orc:2 [=((%   Elf:1 %}(}   Elf:2 **   Snake:1 [   Snake:2 }=}
Snake:4 *:   Vaults:1 }

Portals:
Trove: Vaults:1 (give +4 ice dragon scales)

Annotations:
D:14 3 runed translucent doors, D1HalberdGnoll's ghost, journeyman TeSu
Lair:1 exclusion: 2 oklob plants
Lair:2 exclusion: 4 oklob plants
Lair:5 3 runed translucent doors, Uhin Nir's ghost, journeyman MiBe
Lair:6 2 runed translucent doors
Swamp:1 2 transporters
Swamp:2 Nikola
Snake:3 Saint Roka
Snake:4 3 runed translucent doors, P0WERM0DE's ghost, adept MiFi
Elf:2 3 runed translucent doors, exclusions: 3 doors and obsidian statue, Riboake's ghost, adept DgFi


Innate Abilities, Weirdness & Mutations

You are resistant to damage.
You can heal yourself by infusing magical energy.
You resist negative energy. (rN+)
You passively map a large area around you.
You do not regenerate.


Message History

There is a stone staircase leading down, spattered with blood here.
You feel much better.
You climb downwards.
The orc knight roars a battlecry!
The orc priest goes into a battle-frenzy!
You block the ogre mage's attack. You block the orc knight's attack.
There is a stone staircase leading up, spattered with blood here.
Press: ? - help, v - describe, . - travel
Here: an orc knight, wielding a +0 great sword and wearing a +0 chain mail The floor.
Press: ? - help, v - describe, . - travel
Here: an ogre mage, wielding a +0 halberd and wearing a +0 robe The floor.
Press: ? - help, v - describe, . - travel
Here: an orc priest, wielding a +0 club (unusually strong)
The floor.
Okay, then.
The ogre mage points at you and mumbles some strange words.
The crystal spear hits you!!!
You die...

.......#..# *,,,*
.......#..# *,,,*
.......#..# *,,,*
########..###############
*,,,*
..........#.............#
*,,,*
..........#..o..........#
*,,,*
###.......#.....O.......#
*,,,*
,,#.......[....o........#
*,,,*
,,#.....))#...[.@)......#
*,,,*
,,#......p#....)........#
*,,,*
,,#.....O.###############
*,,,* ,,#.......#
**************,,,*
,,#.......#
*,,,,*,,*,,,,*,,,*
,,#......o#
*,,,,,,,..,,,#...#
,,#.......#
*,,,,*,,*..,,#...#
,,#.......#
*,,,**,,**..,#...#
,,#.......#
**,**,,,,**.##...#


You could see an orc knight, an ogre mage and an orc priest.

Vanquished Creatures
  A tentacled monstrosity (Vaults:2)
  A deep elf master archer (Elf:3)
  4 deep elf blademasters (Elf:2 Elf:3)
  2 sphinxes (Vaults:2)
  2 thorn hunters (Swamp:2 Swamp:4)
  Agnes (Snake:1)
  A storm dragon (Vaults:2)
  16 nagarajas (Snake:2 Snake:3 Snake:4)
  7 deep elf sorcerers (Elf:2 Elf:3 Vaults:3)
  5 vault wardens (Vaults:1 Vaults:2)
  Aizul (Swamp:4)
  4 deep elf elementalists (Elf:3)
  3 orc warlords (D:10 Vaults:2 Vaults:3)
  13 ironheart preservers (Vaults:1 Vaults:2 Vaults:3)
  4 stone giants (Vaults:2 Vaults:3 Vaults:4)
  3 entropy weavers (D:12 Vaults:4)
  5 deep elf demonologists (Elf:1 Elf:3)
  Azrael (Snake:2)
  7 deep elf annihilators (Elf:2 Elf:3 Vaults:1)
  Snorg (Orc:1)
  12 deep elf death magi (Elf:2 Elf:3 Vaults:2)
  3 yaktaur captains (Vaults:2 Vaults:3)
  5 deep elf high priests (Elf:1 Elf:3)
  2 fire dragons (Vaults:1 Vaults:3)
  2 great orbs of eyes (Vaults:1 Vaults:2)
  14 vault guards (D:13 Vaults:1 Vaults:2)
  3 ice dragons (Vaults:1 Vaults:2)
  Fannar (Lair:2)
  10 naga warriors (Snake:1 Snake:2 Snake:3 Snake:4)
  11 alligators (Swamp:1 Swamp:3 Swamp:4)
  3 rakshasas (Vaults:1 Vaults:2 Vaults:3)
  6 centaur warriors (D:14 D:15 Vaults:1 Vaults:4)
  12 ogre magi (Vaults:1 Vaults:2 Vaults:3 Vaults:4)
  18 hydras (D:8 Lair:2 Swamp:1 D:15 Swamp:4)
  9 anacondas (Snake:2 Snake:4 Snake:1)
  3 shambling mangroves (Swamp:2 Swamp:4)
  3 death knights (Vaults:1 Vaults:2 Vaults:3)
  22 dancing weapons (Elf:1 Elf:2 Elf:3 Vaults:2)
  2 tengu warriors (D:15 D:13)
  37 two-headed ogres (D:10 D:9 D:13 D:14 Vaults:1)
  A deep troll shaman (Vaults:2)
  A deep troll earth mage (Vaults:2)
  12 shock serpents (Snake:2 Snake:3 Snake:4)
  A spriggan berserker (Swamp:4)
  Urug (Lair:2)
  4 orc high priests (Orc:2 Elf:1)
  16 deep elf knights (Elf:1 Elf:2 Vaults:1 Vaults:2 Vaults:3)
  8 naga sharpshooters (Lair:2 Snake:1 Snake:2 Snake:4)
  A shadow wraith (Vaults:3)
  A salamander mystic (Snake:4)
  7 skeletal warriors (Vaults:2)
  A flayed ghost (Vaults:2)
  11 swamp dragons (Swamp:1 Swamp:2 Swamp:4)
  A glowing orange brain (Vaults:3)
  2 spriggan druids (Swamp:3 Swamp:4)
  13 deep elf archers (Vaults:1 Elf:1 Elf:2 Elf:3)
  A storm dragon skeleton (Vaults:2)
  11 sea snakes (Snake:1 Snake:4 Snake:3)
  A lindwurm (Lair:6)
  A lindwurm (shapeshifter) (Vaults:2)
  2 naga ritualists (Snake:4)
  5 wizards (D:14 D:13 Vaults:1 Vaults:3)
  4 deep trolls (Vaults:2)
  8 ironbrand convokers (Vaults:1 Vaults:2 Vaults:3)
  10 mana vipers (Snake:1 Snake:3 Snake:4)
  3 necromancers (Vaults:1 Vaults:2 Vaults:4)
  A shadow dragon zombie (Vaults:4)
  A tengu skeleton (Vaults:1)
  6 harpies (Vaults:1 Vaults:3)
  18 orc knights (Orc:1 Orc:2 Vaults:1 Vaults:2 Vaults:3)
  A sphinx zombie (Vaults:2)
  11 orc sorcerers (Orc:2 Vaults:1 Elf:1 Elf:2)
  An oklob plant (D:10)
  56 deep elf magi (D:15 D:13 Elf:1 Elf:2 Elf:3)
  27 ugly things (D:11 D:14 D:15 Vaults:1 D:13)
  3 cyclopes (D:11 D:14 Vaults:1)
  4 wolf spiders (D:15 Vaults:1 Vaults:2)
  2 manticores (D:14 D:15)
  A salamander (shapeshifter) (Vaults:3)
  5 elephants (Lair:5 Lair:6)
  8 salamanders (Snake:1 Snake:2 Snake:3 Snake:4)
  A moth of wrath (shapeshifter) (D:15)
  7 human skeletons (Vaults:2)
  5 guardian serpents (Snake:1 Snake:4)
  Maurice (Orc:2)
  3 molten gargoyles (Lair:6)
  9 vault sentinels (Vaults:1 Vaults:2 Vaults:3 Vaults:4)
  19 spiny frogs (Lair:1 Lair:2 Lair:3 Lair:4 Lair:5)
  A fire giant skeleton (Vaults:2)
  A gargoyle (D:11)
  23 black mambas (Lair:2 Lair:4 Lair:5 Lair:6 Snake:1)
  14 naga magi (Snake:1 Snake:2 Snake:3 Snake:4)
  8 yaktaurs (Vaults:2 Vaults:3)
  2 yaktaur zombies (Vaults:1 Vaults:4)
  2 freezing wraiths (D:12 Vaults:2)
  3 efreet (D:14 D:15 D:13)
  10 komodo dragons (Lair:3 Lair:4 Lair:5 Lair:6)
  A human zombie (Vaults:1)
  13 trolls (D:9 D:10 Orc:1 Orc:2 D:12)
  2 guardian mummies (Vaults:1)
  A troll (shapeshifter) (Vaults:1)
  A polar bear (Lair:5)
  2 wind drakes (shapeshifter) (Elf:3 Vaults:2)
  A tengu conjurer (D:13)
  12 hornets (Swamp:1 Swamp:2 Swamp:3 Swamp:4 Vaults:1)
  A tengu simulacrum (Vaults:4)
  A blink frog (shapeshifter) (Vaults:2)
  9 blink frogs (Lair:4 Swamp:4)
  6 bog bodies (Swamp:3 Swamp:4)
  A hippogriff (shapeshifter) (D:13)
  10 tyrant leeches (Swamp:1 Swamp:2 Swamp:3 Swamp:4)
  2 queen bees (shapeshifter) (D:14 Vaults:3)
  17 slime creatures (Swamp:1 D:13 Vaults:1 Vaults:2)
  A tyrant leech (shapeshifter) (Vaults:3)
  11 hippogriffs (D:8 D:11 Lair:2 Lair:4 Lair:6)
  2 dream sheep (D:8)
  3 human simulacra (Vaults:1 Vaults:2 Vaults:3)
  A frost giant simulacrum (Vaults:3)
  A vampire (D:12)
  4 shadows (Swamp:1 D:12 D:13 D:15)
  A redback (Vaults:4)
  2 air elementals (Elf:2 Elf:3)
  2 ettin skeletons (Vaults:2)
  39 yaks (D:8 D:11 Lair:1 Lair:2 Lair:3)
  5 fire elementals (D:13 Snake:2 Elf:2 Elf:3)
  7 spriggans (Swamp:1 Swamp:2 Swamp:3 Swamp:4)
  6 wraiths (D:10 D:11 D:13 Vaults:2)
  2 water elementals (Elf:2 Elf:3)
  A hungry ghost (D:10)
  5 basilisks (Lair:2 Lair:6)
  A basilisk (shapeshifter) (Vaults:3)
  A steam dragon (Lair:6)
  10 wyverns (D:10 D:11 Lair:6 D:12 D:14)
  21 vampire mosquitoes (Lair:4 D:13 Swamp:2 Swamp:1 Swamp:3)
  A redback simulacrum (D:15)
  Menkaure (D:7)
  17 insubstantial wisps (Swamp:1 Swamp:2 Swamp:4)
  4 wargs (Snake:3 Vaults:1 Vaults:3)
  50 nagas (Snake:1 Snake:2 Snake:3 Snake:4)
  10 swamp worms (Swamp:1 Swamp:2 Swamp:3 Swamp:4)
  A swamp worm (shapeshifter) (D:14)
  2 acid dragons (D:15 Vaults:1)
  22 water moccasins (Lair:1 Lair:2 Lair:4 Lair:5 Lair:6)
  26 soldier ants (D:11 D:12)
  8 hell hounds (Lair:6 Snake:1 Snake:2)
  3 porcupines (Lair:1 Lair:2 Lair:4)
  13 swamp drakes (Swamp:1 Swamp:3 Swamp:4)
  An ettin simulacrum (Vaults:2)
  3 sky beasts (D:5 D:14 D:13)
  40 orc warriors (D:7 D:8 Orc:1 D:10 Orc:2)
  4 phantoms (D:5 D:10 D:11 D:12)
  An eye of draining (D:12)
  26 ogres (D:10 D:11 Orc:1 Orc:2 Vaults:1)
  3 ice beasts (D:10 D:11 D:15)
  2 centaurs (D:7 D:13)
  7 boggarts (Vaults:2 Vaults:3)
  An ogre (shapeshifter) (Vaults:1)
  15 crocodiles (Lair:1 Lair:2 Lair:3 Lair:4 Lair:5)
  An elf skeleton (Vaults:2)
  An orc skeleton (Vaults:2)
  5 big kobolds (D:8 D:11)
  20 bullfrogs (D:5 D:6 D:8 D:9 D:11)
  A gnoll sergeant (Orc:2)
  3 earth elementals (Volcano Elf:1 Elf:3)
  A wyvern zombie (D:11)
  2 wyvern skeletons (D:11 D:12)
  2 scorpions (D:10 D:13)
  14 killer bees (D:7 D:8 D:9 D:10)
  7 wights (D:8 D:12)
  2 howler monkeys (D:12)
  An electric eel (Lair:3)
  3 crimson imps (D:10 D:13)
  3 bullfrog zombies (D:4 D:9 D:10)
  5 lava snakes (Lair:6)
  8 hounds (D:4 D:5 D:6 D:11 D:13)
  2 quasits (D:9 D:10)
  4 centaur zombies (D:6 D:12 D:13)
  3 jellies (D:5 D:11 D:12)
  25 orc priests (D:3 D:5 D:6 D:7 D:8)
  A bullfrog skeleton (D:13)
  23 orc wizards (D:3 D:4 D:5 D:7 D:9)
  6 centaur skeletons (D:9 D:12 D:13 D:14)
  3 iguanas (D:4 D:7 D:10)
  19 worker ants (D:7 D:9 D:10 D:12 D:13)
  A hound zombie (D:8)
  3 worker ant zombies (D:5 D:9 D:11)
  8 gnolls (D:7 Orc:2)
  A howler monkey skeleton (D:9)
  16 adders (D:2 D:3 D:4 D:5 D:6)
  4 shadow imps (D:5 D:14 D:15)
  4 oozes (D:1 D:3 D:4 D:7)
  An adder zombie (D:9)
  An adder skeleton (D:6)
  2 worms (D:3)
  A dart slug (D:2)
  2 leopard geckos (D:3 D:6)
  92 orcs (D:3 D:4 D:5 D:6 D:7)
  2 bat zombies (D:9)
  8 giant cockroaches (D:1 D:2 D:3 D:4)
  7 goblins (D:1 D:2 D:3)
  3 hobgoblins (D:1 D:2)
  7 jackals (D:5)
  3 quokkas (D:2 D:11 D:12)
  7 ball pythons (D:1 D:2 D:4 D:5 Lair:2)
  10 bats (D:1 D:2 D:3)
  7 frilled lizards (D:1 D:2 D:3)
  17 kobolds (D:1 D:2 D:3 D:11)
  A leopard gecko skeleton (D:9)
  8 rats (D:1 D:2 D:3)
  A rat zombie (D:9)
  A fungus (Lair:1)
  3 plants (D:10)
1494 creatures vanquished.

Vanquished Creatures (others)
  A deep elf master archer (Elf:3)
  A vault warden (Vaults:1)
  A yaktaur captain (Vaults:3)
  2 centaur warriors (Vaults:1)
  A hydra (Swamp:4)
  2 alligators (Swamp:3)
  A queen ant (D:12)
  A sea snake (Snake:2)
  An ironbrand convoker (Vaults:1)
  A cyclops (Vaults:1)
  A yaktaur (Vaults:1)
  A komodo dragon (D:11)
  A hornet (Swamp:1)
  A hippogriff (D:15)
  A water elemental (Elf:2)
  A fire elemental (Snake:1)
  2 nagas (Snake:1)
  3 swamp worms (Swamp:1 Swamp:4)
  2 soldier ants (D:12)
  A swamp drake (Swamp:4)
  An orc warrior (Vaults:4)
  An elf zombie (Vaults:2)
  An ogre (Vaults:4)
  A boggart (Vaults:2)
  A wyvern zombie (D:11)
  A wyvern skeleton (D:13)
  An electric eel (Snake:2)
  A worker ant zombie (D:11)
  An orc (Vaults:1)
  5 fungi (Gauntlet Lair:2 Lair:6 Elf:2)
  24 plants (Gauntlet Lair:2 Lair:6 Snake:2)
64 creatures vanquished.

Grand Total: 1558 creatures vanquished

Notes
Turn   | Place    | Note
-------+----------+-------------------------------------------
     0 | D:1      | MachJacob the Deep Dwarf Earth Elementalist began the quest
                  | for the Orb.
     0 | D:1      | Reached XP level 1. HP: 15/15 MP: 3/3
   595 | D:1      | Reached XP level 2. HP: 22/22 MP: 2/4
   637 | D:1      | Learned a level 2 spell: Passwall
  1049 | D:1      | Reached XP level 3. HP: 28/28 MP: 3/6
  1070 | D:1      | Reached skill level 5 in Earth Magic
  1548 | D:2      | Learned a level 3 spell: Stone Arrow
  1683 | D:2      | Found a white marble altar of Elyvilon.
  2409 | D:3      | Reached skill level 1 in Conjurations
  2415 | D:3      | Reached XP level 4. HP: 28/36 MP: 4/7
  3255 | D:3      | Reached XP level 5. HP: 42/42 MP: 4/7
  3384 | D:3      | Found a sacrificial altar of Ru.
  3388 | D:3      | Found a white marble altar of Elyvilon.
  3391 | D:3      | Became a worshipper of Elyvilon the Healer
  3675 | D:4      | Noticed an ogre
  3708 | D:4      | Found a bloodstained altar of Trog.
  3711 | D:4      | Reached XP level 6. HP: 41/49 MP: 5/9
  3720 | D:4      | Got a transparent dagger
  4168 | D:5      | Entered Level 5 of the Dungeon
  4302 | D:5      | Reached XP level 7. HP: 46/55 MP: 4/10
  4379 | D:5      | Reached * piety under Elyvilon
  5005 | D:6      | Found a staircase to the Ecumenical Temple.
  5167 | D:6      | Reached ** piety under Elyvilon
  5219 | Temple   | Entered the Ecumenical Temple
  5386 | D:6      | Learned a level 5 spell: Lee's Rapid Deconstruction
  5628 | D:6      | Reached XP level 8. HP: 39/62 MP: 8/12
  5963 | D:7      | Found an ornate altar of the Wu Jian Council.
  5970 | D:7      | Reached *** piety under Elyvilon
  5977 | D:7      | Noticed Menkaure
  5982 | D:7      | Killed Menkaure
  6326 | D:7      | Reached skill level 5 in Dodging
  6942 | D:7      | Reached skill level 5 in Conjurations
  7045 | D:7      | Found a sparkling altar of Nemelex Xobeh.
  7045 | D:7      | Found a snail-covered altar of Cheibriados.
  7047 | D:7      | Found a radiant altar of Vehumet.
  7337 | D:7      | HP: 2/62 [orc warrior/+0 battleaxe (26)]
  7769 | D:7      | Reached skill level 1 in Invocations
  7990 | D:8      | Reached **** piety under Elyvilon
  8297 | D:8      | Gained mutation: You passively map the area around you.
                  | [Deep Dwarf growth]
  8297 | D:8      | Reached XP level 9. HP: 29/68 MP: 0/13
  8569 | D:8      | Reached skill level 10 in Earth Magic
  8616 | D:8      | Reached skill level 1 in Long Blades
  8648 | D:8      | Noticed a two-headed hydra
  8653 | D:8      | Killed a one-headed hydra
  8660 | D:8      | Reached skill level 5 in Spellcasting
  9159 | D:8      | Reached XP level 10. HP: 63/75 MP: 5/15
  9557 | D:9      | Got a faintly humming ring mail
 10662 | D:9      | Reached ***** piety under Elyvilon
 10674 | D:9      | Noticed a two-headed ogre
 10713 | D:9      | Found an ancient bone altar of Kikubaaqudgha.
 10759 | D:9      | Reached skill level 5 in Invocations
 10934 | D:10     | Entered Level 10 of the Dungeon
 10969 | D:10     | Noticed a two-headed ogre
 11332 | D:10     | Found a staircase to the Orcish Mines.
 11387 | D:10     | Killed a two-headed ogre
 11387 | D:10     | Reached skill level 1 in Armour
 12076 | D:10     | Found a staircase to the Lair.
 12097 | D:10     | Noticed an oklob plant
 12707 | D:11     | Noticed an eight-headed hydra
 12707 | D:11     | Noticed a gargoyle
 12707 | D:11     | Noticed a wizard
 12707 | D:11     | Noticed an orc knight
 12707 | D:11     | Noticed a deep elf mage
 12707 | D:11     | Noticed an orc knight
 12708 | D:11     | Noticed a deep elf mage
 13247 | D:11     | Noticed a purple ugly thing
 13412 | D:11     | Reached XP level 11. HP: 81/81 MP: 9/17
 14107 | D:11     | Reached skill level 1 in Shields
 14470 | D:9      | Killed a two-headed ogre
 14758 | Lair:1   | Entered Level 1 of the Lair of Beasts
 14809 | Lair:1   | Reached skill level 5 in Long Blades
 14898 | Lair:1   | You fall into a shaft and drop 1 floor!
 15112 | Lair:1   | Reached ****** piety under Elyvilon
 15173 | Lair:1   | Noticed an oklob plant
 15173 | Lair:1   | Noticed an oklob plant
 15272 | Lair:1   | Found a gate leading to a gauntlet.
 15281 | Gauntlet | Entered a Gauntlet
 15281 | Gauntlet | Found a transporter.
 15281 | Gauntlet | Found a transporter.
 15285 | Gauntlet | Found a transporter.
 15285 | Gauntlet | Found a transporter.
 15287 | Gauntlet | Found a large runed translucent door.
 15288 | Gauntlet | Found a large runed translucent door.
 15289 | Gauntlet | Found a large runed translucent door.
 15289 | Gauntlet | Found a large runed translucent door.
 15289 | Gauntlet | Found a runed translucent door.
 15290 | Gauntlet | Found a large runed translucent door.
 15291 | Gauntlet | Noticed a brown ugly thing
 15291 | Gauntlet | Noticed a shining eye
 15292 | Gauntlet | Found a transporter.
 15306 | Gauntlet | Found a large runed translucent door.
 15307 | Gauntlet | Found a large runed translucent door.
 15308 | Gauntlet | Found a large runed translucent door.
 15309 | Gauntlet | Found a runed translucent gate.
 15313 | Gauntlet | Found a transporter.
 15317 | Gauntlet | Noticed a cyan ugly thing
 15321 | Gauntlet | Found a transporter.
 15321 | Gauntlet | Found a transporter.
 15321 | Gauntlet | Noticed an entropy weaver
 15321 | Gauntlet | Noticed a great orb of eyes
 15321 | Gauntlet | Noticed a glowing orange brain
 15321 | Gauntlet | Noticed a wolf spider
 15325 | Gauntlet | Found a transporter.
 15331 | Gauntlet | Noticed a red ugly thing
 15352 | Gauntlet | Found a transporter.
 15354 | Gauntlet | Found a runed translucent gate.
 15354 | Gauntlet | Found a runed translucent gate.
 15356 | Gauntlet | Found a large runed translucent door.
 15356 | Gauntlet | Noticed a thrashing horror
 15357 | Gauntlet | Found a large runed translucent door.
 15359 | Gauntlet | Found a transporter.
 15360 | Gauntlet | Found a large runed translucent door.
 15361 | Gauntlet | Found a large runed translucent door.
 15364 | Gauntlet | Found a runed translucent door.
 15374 | Gauntlet | Noticed a sixfirhy
 15375 | Gauntlet | Found a large runed translucent door.
 15375 | Gauntlet | Found a large runed translucent door.
 15376 | Gauntlet | Found a large runed translucent door.
 15377 | Gauntlet | Found a transporter.
 15377 | Gauntlet | Found a large runed translucent door.
 15423 | Gauntlet | Found a transporter.
 15436 | Gauntlet | Noticed a blizzard demon
 15437 | Gauntlet | Found a transporter.
 15447 | Gauntlet | Found the cursed necklace of Bloodlust {*Rage +Rage MR++
                  | Int-3 Slay+6 *Curse}
 15538 | Gauntlet | Found a transporter.
 15541 | Gauntlet | Noticed a death ooze
 15553 | Gauntlet | Found a transporter.
 16486 | Lair:2   | Noticed Urug
 16529 | Lair:2   | Learned a level 1 spell: Confusing Touch
 16543 | Lair:2   | Reached skill level 5 in Armour
 16543 | Lair:2   | Reached skill level 1 in Transmutations
 16664 | Lair:2   | Reached skill level 1 in Hexes
 16666 | Lair:2   | Found a staircase to the Snake Pit.
 16696 | Lair:2   | Reached skill level 1 in Fighting
 16819 | Lair:2   | Noticed a four-headed hydra
 16860 | Lair:2   | Noticed an oklob plant
 16860 | Lair:2   | Noticed an oklob plant
 16860 | Lair:2   | Noticed an oklob plant
 16860 | Lair:2   | Noticed an oklob plant
 16867 | Lair:2   | Noticed a five-headed hydra
 16884 | Lair:2   | Killed a five-headed hydra
 17085 | Lair:2   | Reached XP level 12. HP: 93/93 MP: 17/20
 17486 | Lair:2   | Noticed Fannar
 17596 | Lair:2   | Killed Fannar
 17697 | Lair:2   | Killed Urug
 19107 | Lair:4   | Found a staircase to the Swamp.
 19245 | Lair:4   | Found a dark tunnel.
 19252 | Volcano  | Entered a volcano
 19293 | Volcano  | Noticed a stone giant
 20430 | Lair:5   | Got a transparent cloak
 20449 | Lair:5   | Identified the +2 cloak of Nigooso {Int+2} (You found it on
                  | level 5 of the Lair of Beasts)
 20598 | Lair:5   | Found a runed translucent gate.
 20598 | Lair:5   | Found a runed translucent gate.
 20601 | Lair:5   | Noticed an eight-headed hydra
 20602 | Lair:5   | Found a runed translucent gate.
 20603 | Lair:5   | Noticed a minotaur
 20604 | Lair:5   | Noticed Uhin Nir's ghost (journeyman MiBe)
 20698 | Lair:5   | Found a staircase to the Slime Pits.
 21040 | Lair:5   | Reached skill level 5 in Hexes
 21325 | Lair:6   | Entered Level 6 of the Lair of Beasts
 21384 | Lair:6   | Reached XP level 13. HP: 105/105 MP: 8/22
 21601 | Lair:6   | Got a coiled lead amulet
 23340 | Lair:6   | Reached skill level 5 in Fighting
 23568 | Lair:6   | Noticed a fire dragon
 24338 | Lair:6   | Found a large runed translucent door.
 24478 | Lair:6   | Found a large runed translucent door.
 24709 | Orc:1    | Entered Level 1 of the Orcish Mines
 24709 | Orc:1    | Noticed Snorg
 24714 | Orc:1    | Killed Snorg
 25020 | Orc:1    | Found Naxkum's Distillery.
 25036 | Orc:1    | Found Zeuneno's Distillery.
 25055 | Orc:1    | Noticed an orc warlord
 25436 | Orc:1    | Found Riell's Book Shop.
 25967 | Orc:1    | Found a roughly hewn altar of Beogh.
 25981 | Orc:1    | Found Barram's Food Shop.
 26140 | Orc:2    | Entered Level 2 of the Orcish Mines
 26173 | Orc:2    | Noticed Maurice
 26200 | Orc:2    | Killed Maurice
 26445 | Orc:2    | Found Arewn's Armour Emporium.
 26475 | Orc:2    | Found a staircase to the Elven Halls.
 27862 | Orc:2    | Found Jephoen's Weapon Shoppe.
 27873 | Orc:2    | Gained mutation: You resist negative energy. (rN+) [Deep
                  | Dwarf growth]
 27873 | Orc:2    | Reached XP level 14. HP: 116/121 MP: 6/24
 28058 | Orc:2    | Found Ykhlimyth's Jewellery Shoppe.
 28062 | Orc:2    | Found Okhal's Antique Weapon Shop.
 28068 | Orc:2    | Found Plog's Food Shop.
 28116 | Orc:1    | Found Ceonk's Antique Armour Emporium.
 28289 | D:10     | Killed an orc warlord
 28463 | Lair:4   | Upgraded the game from 0.24-a0-355-gbe4061de67 to
                  | 0.24-a0-358-g53aee78b01
 28465 | Swamp:1  | Entered Level 1 of the Swamp
 28751 | Swamp:1  | Found a transporter.
 29586 | Swamp:1  | Reached skill level 5 in Shields
 29747 | Swamp:1  | Found a transporter.
 30511 | Swamp:2  | Noticed Nikola
 30695 | Swamp:2  | Noticed a thorn hunter
 30755 | Swamp:1  | Reached skill level 10 in Long Blades
 30880 | Swamp:1  | Reached skill level 1 in Evocations
 32451 | D:12     | Noticed an entropy weaver
 32741 | D:12     | Killed an entropy weaver
 33304 | D:12     | Noticed an entropy weaver
 33309 | D:12     | Killed an entropy weaver
 33376 | D:12     | Reached skill level 5 in Evocations
 33978 | D:12     | You fall into a shaft and drop 1 floor!
 34070 | D:13     | Found a gate to the Vaults.
 35044 | D:14     | Noticed D1HalberdGnoll's ghost (journeyman TeSu)
 35050 | D:14     | Found a runed translucent gate.
 35050 | D:14     | Found a runed translucent gate.
 35050 | D:14     | Noticed a frost giant
 35051 | D:14     | Noticed a tengu reaver
 35236 | D:14     | Reached XP level 15. HP: 81/132 MP: 18/24
 35311 | D:14     | Found a runed translucent gate.
 36536 | D:15     | Entered Level 15 of the Dungeon
 36801 | D:14     | Learned a level 6 spell: Bolt of Cold
 37093 | D:15     | Reached skill level 1 in Ice Magic
 38079 | D:15     | Found a staircase to the Depths.
 38906 | D:13     | Identified the ring "Qeshyrch" {*Tele Str+4 Dex+5}
 39055 | D:13     | Identified the amulet "Fiylum" {Harm *Drain rF+ rC+ Dex+4}
                  | (You found it on level 6 of the Lair of Beasts)
 39291 | D:13     | Reached skill level 10 in Armour
 39614 | D:13     | Reached skill level 10 in Dodging
 39622 | D:13     | Identified Hazouqul's Incunabulum of the Aerial Rocks
 39624 | D:13     | Identified the Handbook of Lucky Orientation
 39839 | Orc:1    | Bought a ration for 50 gold pieces
 39839 | Orc:1    | Bought a ration for 50 gold pieces
 39839 | Orc:1    | Bought a ration for 50 gold pieces
 39839 | Orc:1    | Bought a ration for 50 gold pieces
 39839 | Orc:1    | Bought a ration for 50 gold pieces
 39839 | Orc:1    | Bought a ration for 50 gold pieces
 39839 | Orc:1    | Bought a ration for 50 gold pieces
 39839 | Orc:1    | Bought a ration for 50 gold pieces
 39839 | Orc:1    | Bought a ration for 50 gold pieces
 39839 | Orc:1    | Bought a ration for 50 gold pieces
 39839 | Orc:1    | Bought a ration for 50 gold pieces
 39839 | Orc:1    | Bought a ration for 50 gold pieces
 40306 | Swamp:2  | Killed a thorn hunter
 42476 | Swamp:3  | Reached skill level 5 in Ice Magic
 43057 | Swamp:4  | Entered Level 4 of the Swamp
 43435 | Swamp:4  | Reached XP level 16. HP: 142/144 MP: 12/21
 43577 | Swamp:4  | Noticed Aizul
 43603 | Swamp:4  | Killed Aizul
 46270 | Swamp:4  | Got a decaying rune of Zot
 46289 | Swamp:4  | Noticed a thorn hunter
 46319 | Swamp:4  | Killed a thorn hunter
 47281 | Snake:1  | Entered Level 1 of the Snake Pit
 47605 | Snake:1  | Reached skill level 10 in Conjurations
 49128 | Snake:1  | Found Nuh Subb's Antique Armour Shoppe.
 49350 | Snake:1  | Noticed Agnes
 49391 | Snake:2  | Noticed Azrael
 50756 | Snake:2  | Found Fuipy's Gadget Emporium.
 50756 | Snake:2  | Found Recesirr's Jewellery Shop.
 50757 | Snake:2  | Found Akirhiggoo's Gadget Emporium.
 51106 | Snake:2  | Killed Azrael
 51106 | Snake:2  | Reached skill level 10 in Fighting
 51988 | Snake:2  | Reached XP level 17. HP: 105/153 MP: 7/22
 53327 | Snake:3  | Noticed Saint Roka
 53611 | Snake:3  | Reached skill level 10 in Shields
 54510 | Snake:4  | Entered Level 4 of the Snake Pit
 55801 | Snake:4  | Found the +5 robe of Misfortune {*Contam Harm *Corrode
                  | *Drain *Slow EV+5}
 55832 | Snake:4  | Found Pyto Pen's Book Boutique.
 56968 | Snake:4  | Found Wimn's Assorted Antiques.
 57067 | Snake:4  | Found Ytwena's Food Shoppe.
 57512 | Snake:4  | Found a runed translucent gate.
 57513 | Snake:4  | Found a runed translucent gate.
 57513 | Snake:4  | Found a runed translucent gate.
 57514 | Snake:4  | Noticed P0WERM0DE's ghost (adept MiFi)
 58229 | Snake:4  | Reached skill level 10 in Ice Magic
 61621 | Snake:4  | Gained mutation: You passively map a large area around you.
                  | [Deep Dwarf growth]
 61621 | Snake:4  | Reached XP level 18. HP: 116/160 MP: 10/22
 61822 | Snake:4  | Got a serpentine rune of Zot
 62054 | Snake:1  | Killed Agnes
 62259 | Snake:1  | Bought a spiked cloak for 237 gold pieces
 62259 | Snake:1  | Bought an ichor-stained shield for 237 gold pieces
 62272 | Snake:1  | Identified the +0 cloak of Orirhop {rElec Str+4 Dex+3} (You
                  | bought it in a shop on level 1 of the Snake Pit)
 62326 | Snake:1  | Identified the +3 shield of Too Many Cooks {rElec MR+
                  | Dex-5} (You bought it in a shop on level 1 of the Snake
                  | Pit)
 62739 | Snake:4  | Bought a ration for 55 gold pieces
 62739 | Snake:4  | Bought a ration for 55 gold pieces
 62739 | Snake:4  | Bought a ration for 55 gold pieces
 62739 | Snake:4  | Bought a ration for 55 gold pieces
 62739 | Snake:4  | Bought a ration for 55 gold pieces
 62739 | Snake:4  | Bought a ration for 55 gold pieces
 62739 | Snake:4  | Bought a ration for 55 gold pieces
 62739 | Snake:4  | Bought a ration for 55 gold pieces
 62739 | Snake:4  | Bought a ration for 55 gold pieces
 62739 | Snake:4  | Bought a ration for 55 gold pieces
 63062 | Vaults:1 | Entered Level 1 of the Vaults
 65315 | Elf:1    | Entered Level 1 of the Elven Halls
 65916 | Elf:1    | Found a deep blue altar of Sif Muna.
 66461 | Elf:1    | Found Yboann's Food Shoppe.
 66463 | Elf:1    | Found Dosunerch's Antique Weapon Emporium.
 66463 | Elf:1    | Found Wainteoj's Gadget Shoppe.
 66515 | Elf:1    | Found Helotsyrgh's Gadget Emporium.
 66699 | Elf:1    | You fall into a shaft and drop 1 floor!
 66904 | Elf:2    | Found a runed translucent gate.
 66904 | Elf:2    | Found a runed translucent gate.
 66905 | Elf:2    | Found a runed translucent gate.
 69854 | Elf:2    | Reached XP level 19. HP: 101/170 MP: 2/14
 70014 | Elf:2    | Found a runed translucent gate.
 70014 | Elf:2    | Found an opulent altar of Gozag.
 70015 | Elf:2    | Found a runed translucent gate.
 70016 | Elf:2    | Found a runed translucent gate.
 70016 | Elf:2    | Found Ephiw's Assorted Antiques.
 70017 | Elf:2    | Found Zuthoc's Assorted Antiques.
 70017 | Elf:2    | Noticed Riboake's ghost (adept DgFi)
 71123 | Elf:3    | Entered Level 3 of the Elven Halls
 74422 | Elf:3    | Identified the +2 rapier of World Downfall {venom, rElec}
 74935 | Elf:3    | Identified the +5 crystal plate armour of the Well-Known
                  | Beds {-Cast rF+ rN++}
 74935 | Elf:3    | Identified the ring "Niddic" {+Fly Dex+2}
 75505 | Elf:3    | Identified the ring "Vidanicwu" {*Tele rC+ Str-3 Int+7
                  | Stlth-}
 76115 | Elf:3    | Identified the +9 long sword "Tuziat" {flame, rPois rC++
                  | Int-2 Stlth+}
 76115 | Elf:3    | Identified the ring "Galo" {+Fly rF+ rC+}
 77034 | Elf:3    | Found the +0 sword of Power
 77061 | Elf:3    | Identified the Incunabulum of Vitriolic Ice
 78842 | Vaults:1 | Found Wigedut's Gadget Boutique.
 79139 | Vaults:1 | Reached XP level 20. HP: 132/181 MP: 2/8
 79622 | Vaults:1 | Found a portal to a secret trove of treasure.
 80125 | Vaults:2 | Reached skill level 10 in Spellcasting
 80141 | Vaults:2 | Reached skill level 10 in Invocations
 81025 | Vaults:2 | Found a staircase to the Crypt.
 84388 | Vaults:3 | Reached XP level 21. HP: 78/190 MP: 2/2
 85646 | Vaults:3 | Upgraded the game from 0.24-a0-358-g53aee78b01 to
                  | 0.24-a0-361-g57161393b2
 86884 | Vaults:4 | HP: 7/192 [stone giant (30)]
 87202 | Orc:1    | Bought a potion of heal wounds for 90 gold pieces
 87202 | Orc:1    | Bought a potion of heal wounds for 90 gold pieces
 87202 | Orc:1    | Bought a potion of curing for 54 gold pieces
 87202 | Orc:1    | Bought a potion of curing for 54 gold pieces
 87818 | Vaults:4 | Killed from afar by an ogre mage

Levels and vault maps discovered:
D:1:      dpeg_arrival_water_temple_mockup, layout_loops_corners
D:2:      layout_loops_cross, lemuel_altar_in_water
D:3:      minmay_bubble_buster, layout_rooms, minitemple
D:4:      layout_gridville, bloody_trog, first_ration
D:5:      layout_basic
D:6:      layout_cave_pools, minmay_temple_entry_trees
D:7:      minmay_angry_zag, layout_cave_pods, nicolae_overflow_hidden_temple,
          gammafunk_temple_overflow_claw, uniq_menkaure
D:8:      layout_rooms, hangedman_ranch [blue_anna_fruit_fields]
D:9:      layout_stronghold, lemuel_zombie_altar_kikubaaqudgha,
          hangedman_decor_slide_cut
D:10:     layout_layer_cave, dpeg_oklobed_lair, orc_0_dummy
D:11:     layout_long_grid, minivault_12
D:12:     layout_loops_ring, minivault_29
D:13:     cheibrodos_lost_city_excavation, layout_rooms,
          lightli_vaults_fourway_checkpoint
D:14:     layout_layer_cave, kennysheep_nub, gammafunk_ghost_split
D:15:     hangedman_depths_entry_try_elsewhere_first, layout_basic
Temple:   zaba_magenta_temple
Lair:1:   dpeg_oklob_gauntlet, layout_gridlike, gauntlet_entry_generic,
          nicolae_quartered_pool_super, st_stairs_9,
          chequers_serial_rivers_micro_b
Lair:2:   layout_chaotic_city, minmay_snake_entry_six_corridors,
          grunt_megastairs_5, infiniplex_staircase_pool_2,
          minmay_lair_oklob_chamber, serial_bayou_shore_b, uniq_fannar,
          uniq_urug
Lair:3:   layout_gridlike
Lair:4:   layout_gridlike, minmay_swamp_entry_swarm, enter_volcano_2,
          grunt_megastairs_1
Lair:5:   layout_hall_layers, slime_dummy, serial_forest,
          infiniplex_forest_straight_1, infiniplex_forest_lined_room_2,
          infiniplex_forest_straight_4, infiniplex_forest_clump_small,
          maelrawn_ghost_gauntlet_escape, minmay_holes, minivault_24,
          lemuel_fruit_fields
Lair:6:   cheibrodos_lair_end_hotspot, layout_loops_ring,
          eino_small_chamber_without_monster
Swamp:1:  gammafunk_the_bubble [the_bubble_gammafunk_grid], layout_falls_marsh,
          evilmike_swamp_ruin_house_5, swamp_pool1, statue_in_the_mist_lemuel
Swamp:2:  layout_basic_swamp, evilmike_swamp_ruin_rubble_1, uniq_nikola
Swamp:3:  layout_basic_swamp, infiniplex_staircase_pool, swamp_pool1
Swamp:4:  swamp_basic_johnstein, layout_basic_swamp, uniq_aizul
Snake:1:  layout_onion, serial_shops, shop, nicolae_snake_springs, uniq_agnes
Snake:2:  layout_cave_town, serial_bayou_shore_a, minmay_shop_grove, uniq_azrael
Snake:3:  layout_grid_maze, uniq_saint_roka
Snake:4:  grunt_snake_rune_pools, layout_layer_cave, serial_shops, shop_statue,
          shop, shop, ebering_ghost_rock_garden, grunt_megastairs_3
Orc:1:    layout_diamond_mine, serial_shops, nicolae_shop_crystal,
          nicolae_shop_competitors_out_of_business, nicolae_shop_waterfront,
          shop, shop, basic_altar, uniq_snorg
Orc:2:    st_orc_elflike, layout_caves, serial_shops, nicolae_shop_trees,
          uniq_maurice
Elf:1:    eino_elf_arrival_customs, layout_geoelf_octagon, basic_altar,
          minivault_28, hangedman_elf_represent, minmay_shoptagon
Elf:2:    layout_geoelf_octagon, ebering_ghost_gozag, solitary_fountain
Elf:3:    minmay_elf_hall_statues, layout_geoelf_octagon
Vaults:1: v_rooms_1, v_misc_9, vaults_dpeg_doors, v_misc_27, v_misc_26,
          v_misc_1, vaults_room_grunt_arrival_checkpoint, v_alt_pattern_4,
          v_misc_14, layout_vaults_big_cross, serial_shops,
          nicolae_shop_waterfront, nicolae_trove_entry_path_of_doom
Vaults:2: v_alt_pattern_2, v_rooms_4, v_alt_pattern_2, v_misc_27, st_more_cells,
          minmay_crypt_entry_skeletal_spiral, nicolae_vaults_twisting_passages,
          ontoclasm_vaults_ligature, nicolae_vaults_asterisk,
          dpeg_vaults_monster_row, vaults_room_hallway, vaults_room_large_hall,
          ontoclasm_vaults_decontamination, v_misc_22, vaults_dpeg_ring,
          layout_vaults_ring
Vaults:3: nicolae_vaults_little_squares_3, nicolae_vaults_little_squares_2,
          vaults_mumra_hexcomb, nicolae_vaults_little_squares_4, v_misc_14,
          v_misc_4, nicolae_vaults_network_s, nicolae_vaults_network_periphery,
          v_misc_8, v_misc_8, hangedman_vaults_nodes, nicolae_vaults_triangles,
          nicolae_vaults_little_squares_6, layout_vaults_omnibox
Vaults:4: v_misc_5, nicolae_vaults_specimen_jars, vaults_dpeg_diagonal,
          v_misc_1, special_room_vaults [special_room_orc], vaults_mumra_hex,
          serial_ice_h, layout_vaults_quadrants, serial_shops, bzr_entry_safe

Skill      XL: |  1  2  3  4  5  6  7  8  9 10 11 12 13 14 15 16 17 18 19 20 21 |
---------------+----------------------------------------------------------------+-----
Spellcasting   | 2 3 4 5 6 7 8 9 10 | 10.9
Earth Magic    | 5 6 7 8 9 10 11 12 14 | 14.0
Conjurations   | 1 2 3 4 5 7 8 10 12 13 14 | 14.0
Dodging        | 3 4 5 6 7 8 9 10 | 10.0
Invocations    | 1 4 5 8 9 12 14 | 14.1
Long Blades    | 2 4 6 7 9 10 11 12 | 12.9
Armour         | 3 5 7 8 9 10 | 10.0
Shields        | 4 6 8 9 11 12 13 14 | 14.9
Transmutations | 2 3 |  3.0
Hexes          | 2 5 |  5.0
Fighting       | 1 4 6 8 9 10 11 12 | 12.4
Evocations     | 6 8 |  8.0
Ice Magic      | 5 8 11 13 14 | 14.0
Stealth        | |  2.4

Action                   |  1- 3 |  4- 6 |  7- 9 | 10-12 | 13-15 | 16-18 | 19-21 || total
-------------------------+-------+-------+-------+-------+-------+-------+-------++-------
Melee: Dagger            |    32 |    30 |    27 |       |       |       |       ||    89
       Falchion          |       |       |     9 |   420 |   843 |   247 |       ||  1519
       Staff             |       |       |       |     4 |       |    12 |     1 ||    17
       Scimitar          |       |       |       |       |       |   453 |    95 ||   548
       Long sword        |       |       |       |       |       |       |  1629 ||  1629
Throw: Dart              |       |       |       |       |     6 |       |     2 ||     8
       Throwing net      |       |       |       |       |       |     1 |     1 ||     2
 Cast: Sandblast         |    66 |    91 |    84 |   191 |   166 |   142 |    67 ||   807
       Stone Arrow       |       |       |    57 |   108 |   683 |   758 |   120 ||  1726
       Lee's Rapid Decon |       |       |     3 |    64 |   130 |   190 |   176 ||   563
       Confusing Touch   |       |       |       |     2 |     3 |       |       ||     5
       Passwall          |       |       |       |       |       |     2 |       ||     2
Invok: Lesser Healing    |       |       |     9 |    99 |   278 |   292 |    12 ||   690
       Greater Healing   |       |       |     1 |     5 |     6 |     2 |     9 ||    23
       Heal Other        |       |       |       |       |     9 |     1 |       ||    10
       Purification      |       |       |       |       |     1 |       |       ||     1
 Abil: Heal Wounds       |       |     2 |     2 |     1 |    18 |    28 |   113 ||   164
Evoke: Wand              |       |       |       |     5 |     2 |    10 |    21 ||    38
       Lamp of fire      |       |       |       |       |       |     1 |     5 ||     6
       Lightning rod     |       |       |       |       |       |       |    12 ||    12
       Phial of floods   |       |       |       |       |       |       |     2 ||     2
  Use: Scroll            |     2 |     1 |     3 |     9 |    20 |     3 |    10 ||    48
       Potion            |       |       |       |     1 |     3 |     8 |    29 ||    41
 Stab: Sleeping          |     6 |     1 |     2 |     1 |       |       |       ||    10
       Distracted        |       |       |       |     1 |       |       |     1 ||     2
       Confused          |       |       |       |       |     2 |       |       ||     2
       Paralysed         |       |       |       |       |       |       |     8 ||     8
  Eat: Chunk             |     5 |     7 |    18 |    33 |    79 |    67 |    62 ||   271
       Ration            |       |       |     1 |    13 |    20 |    29 |    11 ||    74
Armor: Robe              |     7 |     6 |    12 |     8 |       |       |       ||    33
       Troll leather arm |       |       |       |    66 |       |       |       ||    66
       Scale mail        |       |       |       |    40 |   377 |   345 |   399 ||  1161
Dodge: Dodged            |    34 |    52 |    55 |   305 |   518 |   390 |   442 ||  1796
Block: Buckler           |       |       |       |   121 |   672 |   125 |       ||   918
       Reflection        |       |       |       |     2 |    23 |   141 |    59 ||   225
       Shield            |       |       |       |       |       |   916 |  1461 ||  2377
       Rpst.: Falchion   |       |       |     8 |    87 |   115 |    27 |       ||   237
       Scimitar          |       |       |       |       |       |    14 |     4 ||    18
       Long sword        |       |       |       |       |       |       |    76 ||    76

Table legend:
 A = Non-vault XP
 B = Vault XP
 C = Vault XP percentage of total XP
 D = Non-vault monster count
 E = Vault monster count
 F = Vault count percentage of total count
                 A         B        C        D         E       F
            +---------+---------+-------+---------+---------+-------
      Total |  331596 |  301914 |  47.7 |     970 |     538 |  35.7
            +---------+---------+-------+---------+---------+-------
        D:1 |      44 |       0 |   0.0 |      27 |       0 |   0.0
        D:2 |      38 |       0 |   0.0 |      18 |       0 |   0.0
        D:3 |     142 |      33 |  18.9 |      21 |      12 |  36.4
        D:4 |     257 |       0 |   0.0 |      12 |       0 |   0.0
        D:5 |     642 |       0 |   0.0 |      23 |       0 |   0.0
        D:6 |     335 |       0 |   0.0 |      12 |       0 |   0.0
        D:7 |     430 |     504 |  54.0 |      15 |       5 |  25.0
        D:8 |    1002 |    2127 |  68.0 |      18 |       8 |  30.8
        D:9 |    2015 |       5 |   0.2 |      28 |       3 |   9.7
       D:10 |    4826 |     572 |  10.6 |      27 |       1 |   3.6
       D:11 |    4875 |       0 |   0.0 |      44 |       0 |   0.0
       D:12 |    4276 |    7091 |  62.4 |      34 |      42 |  55.3
       D:13 |    5818 |    9627 |  62.3 |      27 |      16 |  37.2
       D:14 |   10581 |       0 |   0.0 |      27 |       0 |   0.0
       D:15 |    6709 |    2566 |  27.7 |      18 |       4 |  18.2
     Lair:1 |    2090 |    1263 |  37.7 |      10 |       6 |  37.5
     Lair:2 |    6220 |    3582 |  36.5 |      20 |      20 |  50.0
     Lair:3 |    1907 |       0 |   0.0 |      10 |       0 |   0.0
     Lair:4 |    4428 |    1799 |  28.9 |      16 |       9 |  36.0
     Lair:5 |    5225 |       0 |   0.0 |      21 |       0 |   0.0
     Lair:6 |    5926 |    6873 |  53.7 |      19 |      27 |  58.7
    Swamp:1 |   17404 |       0 |   0.0 |      46 |       0 |   0.0
    Swamp:2 |    6089 |       0 |   0.0 |      13 |       0 |   0.0
    Swamp:3 |    9527 |     989 |   9.4 |      27 |       1 |   3.6
    Swamp:4 |    8427 |   20235 |  70.6 |      27 |      30 |  52.6
    Snake:1 |    9443 |    7287 |  43.6 |      25 |      17 |  40.5
    Snake:2 |   20451 |    2548 |  11.1 |      27 |       7 |  20.6
    Snake:3 |   12911 |    2177 |  14.4 |      17 |       8 |  32.0
    Snake:4 |   17664 |   41388 |  70.1 |      36 |      57 |  61.3
      Orc:1 |    2705 |    2389 |  46.9 |      38 |       3 |   7.3
      Orc:2 |    1162 |    7546 |  86.7 |       8 |      24 |  75.0
      Elf:1 |   11520 |   16191 |  58.4 |      21 |      24 |  53.3
      Elf:2 |   24838 |   16158 |  39.4 |      35 |      20 |  36.4
      Elf:3 |    6673 |   51922 |  88.6 |      13 |      35 |  72.9
   Vaults:1 |   36250 |   25105 |  40.9 |      58 |      45 |  43.7
   Vaults:2 |   33568 |   45181 |  57.4 |      63 |      63 |  50.0
   Vaults:3 |   34465 |   25005 |  42.0 |      51 |      45 |  46.9
   Vaults:4 |   10713 |    1668 |  13.5 |      18 |       5 |  21.7
    Volcano |       0 |      83 | 100.0 |       0 |       1 | 100.0
            +---------+---------+-------+---------+---------+-------
